 Dungeon Crawl Stone Soup version 0.29-a0-284-gf9362112df (webtiles) character file.

Game seed: 11966430057338280936

278 siradein the Firebug (level 6, -2/45 HPs)
             Began as a Draconian Fire Elementalist on Mar 21, 2022.
             Was an Initiate of Vehumet.
             Slain by an iguana (10 damage)
             ... on level 5 of the Dungeon.
             The game lasted 00:15:24 (5098 turns).

siradein the Firebug (Draconian Fire Elementalist)  Turns: 5098, Time: 00:15:24

Health: -2/45      AC:  7    Str: 11    XL:     6   Next: 5%
Magic:  2/10       EV: 12    Int: 21    God:    Vehumet [......]
Gold:   212        SH:  0    Dex: 11    Spells: 2/11 levels left

rFire   + . .      SeeInvis .   h - +5 hand axe "Gemaikuo" {flame, rF+ Will+ Int+4}
rCold   . . .      Faith    .   (no shield)
rNeg    + . .      Spirit   .   (body armour unavailable)
rPois   .          Reflect  .   (helmet restricted)
rElec   .          Harm     .   d - +0 cloak
rCorr   .          Rampage  .   (no gloves)
Will    +....                   (no boots)
Stlth   ++........              (no amulet)
HPRegen 0.15/turn               b - ring of positive energy
MPRegen 0.12/turn               (no ring)

@: no status effects
A: AC +6, unfitting armour, cold-blooded
a: Renounce Religion


You were on level 5 of the Dungeon.
You worshipped Vehumet.
Vehumet was noncommittal.
You visited 2 branches of the dungeon, and saw 6 of its levels.

You collected 212 gold pieces.

Inventory:

Hand Weapons
 h - the +5 hand axe "Gemaikuo" (weapon) {flame, rF+ Will+ Int+4}
   (You found it on level 3 of the Dungeon)

   It burns those it strikes, dealing additional fire damage.
   Big, fiery blades are also staple armaments of hydra-hunters.
   Int:       It affects your intelligence (+4).
   rF:        It protects you from fire.
   Will:      It increases your willpower.
Armour
 d - a +0 cloak (worn)
Jewellery
 b - a ring of positive energy (left hand)
Scrolls
 f - a scroll of enchant armour {unknown}
 g - a scroll of teleportation {unknown}
 i - a scroll of amnesia {unknown}
 j - a scroll of brand weapon {unknown}
Potions
 a - 2 potions of magic
 c - a potion of resistance
 e - a potion of mutation {unknown}
 k - 4 potions of heal wounds


   Skills:
 + Level 3.1 Dodging
 - Level 1.7 Stealth
 + Level 3.2 Spellcasting
 + Level 3.0 Conjurations
 + Level 1.0 Hexes
 + Level 4.2 Fire Magic


You had 2 spell levels left.
You knew the following spells:

 Your Spells              Type           Power      Damage    Failure   Level
a - Foxfire               Conj/Fire      72%        2x1d7     3%          1
b - Scorch                Fire           42%        2d7       3%          2
c - Conjure Flame         Conj/Fire      18%        6-21      9%          3
d - Inner Flame           Hex/Fire       14%        N/A       13%         3

Your spell library contained the following spells:

 Spells                   Type           Power      Damage    Failure   Level
 Flame Wave               Conj/Fire      18%        2d6       28%         4


Dungeon Overview and Level Annotations

Branches:
Dungeon (5/15)             Temple (1/1) D:4

Altars:
Dithmenos
Fedhas
Gozag
Hepliaklqana
Kikubaaqudgha
Makhleb
Sif Muna
Vehumet
Xom
Yredelemnul
Zin

Annotations:
D:4 Grinder


Innate Abilities, Weirdness & Mutations

Your plain brown scales are hard. (AC +6)
You cannot fit into any form of body armour.
You are cold-blooded and may be slowed by cold attacks.


Message History

Flames lash the iguana.
The iguana is moderately wounded.
The iguana's fire resistance burns away.
The iguana misses you.
Casting: Scorch (safe; 3% risk of failure)
Confirm with . or Enter, or press ? or * to list all spells.
You conjure some foxfire!
The iguana bites you but does no damage.
The iguana attacks as you move away!
The iguana bites you but does no damage.
The foxfire hits the iguana.
The iguana is burned terribly!
The iguana is heavily wounded.
The foxfire hits the iguana but does no damage.
The iguana is heavily wounded.
Casting: Foxfire (safe; 3% risk of failure)
Confirm with . or Enter, or press ? or * to list all spells.
You conjure some foxfire!
The iguana is no longer more vulnerable to fire.
The iguana misses you.
Your foxfire dissipates!
The foxfire hits the iguana but does no damage.
The iguana is heavily wounded.
Casting: Foxfire (safe; 3% risk of failure)
Confirm with . or Enter, or press ? or * to list all spells.
You conjure some foxfire!
The iguana bites you.
The foxfire hits the iguana but does no damage.
The iguana is heavily wounded.
The foxfire hits the iguana but does no damage.
The iguana is heavily wounded.
Casting: Foxfire (safe; 3% risk of failure)
Confirm with . or Enter, or press ? or * to list all spells.
You conjure some foxfire!
The iguana bites you!
* * * LOW HITPOINT WARNING * * *
Your foxfire dissipates!
The foxfire hits the iguana but does no damage.
The iguana is heavily wounded.
Casting: Foxfire (safe; 3% risk of failure)
Confirm with . or Enter, or press ? or * to list all spells.
You conjure some foxfire!
The iguana bites you!
You die...

......# #.# ####......#.#
......#.###.######......#.##
......+..............).....#
......#.###.#############..#
#######.............# #..#
#.####........# #..#
##.####........# #..##
#...).....v....#####...#####
......).....l@................
#.#######...v§...#####.#.#####
#........# #.#..#
...........#####.##.##
####..#######.(..##..# #..#
#.######.## #..# #.# #..# #..
#.# ##.# #.# #.##


You could see an iguana (ally target).

Vanquished Creatures
  An ice beast (D:5)
  2 orc wizards
  A hound zombie (D:4)
  2 adders
  An adder zombie (D:4)
  4 worms
  2 dart slugs
  8 orcs
  4 ball pythons
  8 endoplasms
  4 giant cockroaches
  3 goblins
  4 hobgoblins
  5 jackals
  9 kobolds
  4 quokkas
  7 bats
  6 rats
75 creatures vanquished.

Vanquished Creatures (others)
  137 foxfires
  A plant (D:2)
  3 withered plants (D:2)
141 creatures vanquished.

Grand Total: 216 creatures vanquished

Notes
Turn   | Place    | Note
-------+----------+-------------------------------------------
     0 | D:1      | siradein the Draconian Fire Elementalist began the quest
                  | for the Orb.
     0 | D:1      | Reached XP level 1. HP: 14/14 MP: 3/3
   286 | D:1      | Reached XP level 2. HP: 20/20 MP: 1/5
   493 | D:1      | Learned a level 2 spell: Scorch
   961 | D:1      | Reached XP level 3. HP: 26/26 MP: 2/6
  1478 | D:2      | Learned a level 3 spell: Conjure Flame
  1841 | D:2      | Found a faded altar of an unknown god.
  2723 | D:3      | Identified the +5 hand axe "Gemaikuo" {flame, rF+ Will+
                  | Int+4}
  3199 | D:3      | Reached XP level 4. HP: 18/33 MP: 4/7
  3381 | D:3      | Found a shimmering blue altar of Sif Muna.
  4078 | D:4      | Found a staircase to the Ecumenical Temple.
  4089 | Temple   | Entered the Ecumenical Temple
  4347 | Temple   | Became a worshipper of Vehumet
  4420 | D:4      | Noticed Grinder
  4578 | D:4      | Reached XP level 5. HP: 36/38 MP: 7/9
  4582 | D:4      | Learned a level 3 spell: Inner Flame
  4597 | D:4      | Found a basalt altar of Yredelemnul.
  4893 | D:5      | Entered Level 5 of the Dungeon
  4967 | D:5      | Noticed an ice beast
  4984 | D:5      | Killed an ice beast
  4985 | D:5      | Reached skill level 4 in Fire Magic
  5087 | D:5      | Reached skill level 1 in Hexes
  5087 | D:5      | Reached XP level 6. HP: 27/45 MP: 8/10
  5098 | D:5      | Slain by an iguana

Illustrated notes

Levels and vault maps discovered:
D:1:      eino_arrival_druids_welcome, layout_basic, minmay_pentomino_p2
D:2:      layout_basic, shapermc_ecumenical_altar_flowoftime,
          grunt_decor_fettered
D:3:      layout_loops_corners, lemuel_round_altar
D:4:      layout_rooms, lemuel_zombie_altar_yredelemnul, temple_hall,
          uniq_grinder
D:5:      layout_basic, kennysheep_mini, uniq_duvessa
Temple:   compressed_dpeg_triangle_lava_temple

Skill      XL: |  1  2  3  4  5 |
---------------+----------------+-----
Dodging        | 2 3 |  3.1
Conjurations   | 2 3 |  3.0
Spellcasting   | 3 |  3.2
Fire Magic     | 4 |  4.2
Hexes          | 1 |  1.0
Stealth        | |  1.7

Action                   |  1- 3 |  4- 6 || total
-------------------------+-------+-------++-------
Melee: Spear             |    14 |       ||    14
       Hand axe          |    27 |    58 ||    85
       Tailslap          |     3 |     3 ||     6
       Punch             |       |     2 ||     2
 Cast: Foxfire           |    61 |    21 ||    82
       Scorch            |       |     7 ||     7
  Use: Scroll            |       |     4 ||     4
 Stab: Sleeping          |     1 |       ||     1
Armor: Skin              |    24 |    28 ||    52
Dodge: Dodged            |    40 |    39 ||    79

Table legend: (Time is in decaauts)
 A = Elapsed time spent in this place.
 B = Non-inter-level travel time spent in this place.
 C = Inter-level travel time spent in this place.
 D = Time resting spent in this place.
 E = Time spent auto-exploring this place.
 F = Levels seen in this place.
 G = Mean time per level.
                   A        B        C        D        E       F      G
               +--------+--------+--------+--------+--------+-----+--------+
         Total |   5122 |   5013 |    109 |      0 |   4306 |   6 |  853.7 |
       Dungeon |   4852 |   4743 |    109 |      0 |   4093 |   5 |  970.4 |
        Temple |    269 |    269 |      0 |      0 |    213 |   1 |  269.0 |
               +--------+--------+--------+--------+--------+-----+--------+

Top non-repeatable levels by time:
     D:1: 1371 daAuts
     D:2: 1248 daAuts
     D:3: 1168 daAuts
     D:4: 856 daAuts
  Temple: 269 daAuts
     D:5: 208 daAuts
